 Dungeon Crawl Stone Soup version 0.21-a0-442-g848f44b (webtiles) character file.

350 StormFighter the Shooter (level 6, -6/48 HPs)
             Began as a Centaur Hunter on Nov 2, 2017.
             Mangled by a two-headed ogre
             ... wielding a +0 giant spiked club
              (21 damage)
             ... on level 3 of the Dungeon on Nov 16, 2017.
             The game lasted 00:06:54 (3163 turns).

StormFighter the Shooter (Centaur Hunter)           Turns: 3163, Time: 00:06:55

Health: -6/48      AC:  5    Str: 16    XL:     6   Next: 34%
Magic:  15/15      EV:  9    Int: 10    God:
Gold:   126        SH:  0    Dex: 10    Spells: 5/5 levels left

rFire    . . .     SeeInvis .   a - +1 shortbow
rCold    . . .     Gourm    .   (shield currently unavailable)
rNeg     . . .     Faith    .   c - +0 leather armour
rPois    .         Spirit   .   (no helmet)
rElec    .         Reflect  .   e - +0 cloak
rCorr    .         Harm     .   (no gloves)
MR       .....                  (no barding)
Stlth    +.........             (no amulet)
HPRegen  0.16/turn              g - ring of magical power
MPRegen  0.14/turn              (no ring)

@: very quick
A: hooves 3, deformed body, speed 2, tough skin 3
a: no special abilities


You were on level 3 of the Dungeon.
You were not hungry.

You visited 1 branch of the dungeon, and saw 3 of its levels.

You collected 126 gold pieces.

Inventory:

Hand Weapons
 a - a +1 shortbow (weapon)
 f - a +0 hand axe
Missiles
 d - 5 arrows (quivered)
 w - a throwing net
Armour
 c - a +0 leather armour (worn)
 e - a +0 cloak (worn)
Jewellery
 g - a ring of magical power (left hand)
Wands
 x - a wand of lightning (12/15)
Scrolls
 h - 2 scrolls of immolation
 i - 6 scrolls of identify {unknown}
 j - a scroll of enchant weapon {unknown}
 l - a scroll of amnesia
 m - a scroll of teleportation
 p - a scroll of recharging
 q - a scroll of enchant armour {unknown}
 t - a scroll of blinking {unknown}
Potions
 n - a potion of resistance {unknown}
 v - 2 potions of invisibility {unknown}
Comestibles
 b - 3 bread rations
 o - 4 fruits


   Skills:
 - Level 2.0 Fighting
   Level 0.2 Short Blades
 * Level 4.1 Axes
 + Level 7.9 Bows
 - Level 1.3 Dodging
 - Level 0.4 Stealth


You had 5 spell levels left.
You didn't know any spells.

Dungeon Overview and Level Annotations

Branches:
Dungeon (3/15)

Altars:
Cheibriados


Innate Abilities, Weirdness & Mutations

You have hooves in place of feet.
Armour fits poorly on your strangely shaped body.
You cover ground very quickly.
You have extremely tough skin. (AC +3)


Message History

The two-headed ogre is almost dead.
Firing (i - inventory. (,) - cycle):
d - 8 arrows (quivered)
Press: ? - help, Shift-Dir - straight line, f/p - two-headed ogre
Aim: a two-headed ogre, wielding two giant spiked clubs (almost dead)
You shoot an arrow.
The arrow hits the two-headed ogre but does no damage.
The two-headed ogre is almost dead.
Firing (i - inventory. (,) - cycle):
d - 7 arrows (quivered)
Press: ? - help, Shift-Dir - straight line, f/p - two-headed ogre
Aim: a two-headed ogre, wielding two giant spiked clubs (almost dead)
You shoot an arrow. The arrow hits the two-headed ogre.
The two-headed ogre is almost dead.
Firing (i - inventory. (,) - cycle):
d - 6 arrows (quivered)
Press: ? - help, Shift-Dir - straight line, f/p - two-headed ogre
Aim: a two-headed ogre, wielding two giant spiked clubs (almost dead)
You shoot an arrow.
The arrow barely misses the two-headed ogre.
The two-headed ogre hits you with a giant spiked club!
The two-headed ogre hits you with a giant spiked club!!
You die...

######.#####.#
#((.......##.###
#(####O##.##... #### #.#
#.##.##.# ...###(#
#.O.O...### ....##.##
####......# ........#
####.#.#
....##..#########.#.##.#
...#.(((((..(((O@......#
#.##....##....>...#.......#
#.##.##.##........#######.#
..##.##...........#
####.#####........# # ###
######...# #...# #####


You could see a two-headed ogre.

Vanquished Creatures
  A hungry ghost (D:2)
  A centaur (D:3)
  A jelly (D:3)
  A worker ant (D:3)
  5 adders
  An ooze (D:2)
  A dart slug (D:1)
  A leopard gecko (D:1)
  5 bats
  2 giant cockroaches
  5 goblins
  A hobgoblin (D:1)
  9 jackals
  4 kobolds
  A frilled lizard (D:1)
  5 rats
44 creatures vanquished.

Notes
Turn   | Place    | Note
-------+----------+-------------------------------------------
     0 | D:1      | StormFighter the Centaur Hunter began the quest for the Orb.
     0 | D:1      | Reached XP level 1. HP: 17/17 MP: 1/1
   588 | D:1      | Reached XP level 2. HP: 12/24 MP: 2/2
   893 | D:1      | Reached skill level 6 in Bows
  1671 | D:2      | Reached XP level 3. HP: 26/29 MP: 3/3
  1704 | D:2      | Reached skill level 1 in Axes
  2130 | D:2      | Reached XP level 4. HP: 28/36 MP: 4/4
  2186 | D:2      | Noticed a hungry ghost
  2255 | D:2      | Killed a hungry ghost
  2255 | D:2      | Reached skill level 7 in Bows
  2255 | D:2      | Reached XP level 5. HP: 40/41 MP: 5/5
  2523 | D:3      | Found a snail-covered altar of Cheibriados.
  2703 | D:3      | Noticed a centaur
  2705 | D:3      | HP: 2/41 [centaur/arrow (10)]
  2717 | D:3      | Reached XP level 6. HP: 6/48 MP: 6/6
  2722 | D:3      | HP: 2/72 [centaur/enchanted shortbow (2)]
  3054 | D:3      | Noticed a two-headed ogre
  3112 | D:3      | Upgraded the game from 0.21-a0-414-gba8bdf1 to 0.21-a0-442-g848f44b
  3163 | D:3      | Mangled by a two-headed ogre

Vault maps used:
D:1:      minmay_arrival_hallway
D:2:      small_statue_intersection
D:3:      marbit_many_paths, cheibriados_altar_1,
          nicolae_overflow_hidden_temple, minmay_unequal, uniq_robin

Skill      XL: |  1  2  3  4  5  6 |
---------------+-------------------+-----
Bows           | 6 7 |  7.9
Axes           | 1 3 4 |  4.1
Fighting       | |  2.0
Short Blades   | |  0.2
Dodging        | |  1.3
Stealth        | |  0.4

Action                   |  1- 3 |  4- 6 || total
-------------------------+-------+-------++-------
Melee: Short sword       |    27 |       ||    27
       Hand axe          |    68 |    38 ||   106
       Kick              |    16 |    14 ||    30
       Unarmed           |       |     7 ||     7
 Fire: Shortbow          |     7 |    49 ||    56
  Use: Potion            |       |     3 ||     3
       Scroll            |       |     6 ||     6
  Eat: Chunk             |     2 |     4 ||     6
Armor: Leather armour    |    37 |    18 ||    55
       Skin              |       |    11 ||    11
Dodge: Dodged            |    46 |    20 ||    66

Table legend:
 A = Spawn XP
 B = Non-spawn XP
 C = Spawn XP percentage of total XP
 D = Spawn monster count
 E = Non-spawn monster count
 F = Spawn count percentage of total count
 G = Total turns spent on level
                    A         B        C        D         E        F      G
               +---------+---------+-------+---------+---------+-------+---------
         Total |       0 |     501 |   0.0 |       0 |      44 |   0.0 |  3163
               +---------+---------+-------+---------+---------+-------+---------
           D:1 |       0 |      25 |   0.0 |       0 |      13 |   0.0 |  1308
           D:2 |       0 |     253 |   0.0 |       0 |      24 |   0.0 |  1184
           D:3 |       0 |     223 |   0.0 |       0 |       7 |   0.0 |   671
               +---------+---------+-------+---------+---------+-------+---------
